AoeStats
← Sweet vendeta

Black Forest

510460419Analyzed
4v4 RM · 1d ago on Oct 1, 2026· 51m 2s· 8 players
Game mode
Random Map
Map size
Large (8 player)
Population
200
Speed
Normal
Resources
Standard
Victory
Conquest
Starting age
Dark Age
Ending age
Imperial Age
RankedLock teamsTeams togetherTeam positionsShared explorationLock speedFull tech treeHidden civsTurbo modeCheats
Victory
Defeat
🇲🇽 Saracens · Mexico
1186
+13
🇩🇪 Spanish · Germany
1119
+16
🇨🇱 Khmer · Chile
1097
+17
🇦🇷 Persians · Argentina
1068
+19
🇲🇽 Persians · Mexico
1166
-18
🇲🇽 Khmer · Mexico
1155
-18
🇲🇽 Chinese · Mexico
1099
-15
🇺🇸 Japanese · United States
1067
-14
Sweet vendeta
0:26 Loom
11:35 Feudal Age
12:21 Double-Bit Axe
18:08 Castle Age
20:09 Bow Saw
30:51 Imperial Age
28:29 Fletching
28:53 Town Watch
29:44 Wheelbarrow
29:18 Bodkin Arrow
29:43 Padded Archer Armor
29:41 Horse Collar
30:59 Leather Archer Armor
30:48 Town Patrol
31:06 Hand Cart
31:15 Heavy Plow
31:51 Bracer
32:16 Thumb Ring
33:53 Chemistry
34:10 Ring Archer Armor
34:29 Conscription
34:17 Capped Ram
35:15 Great Wall
36:38 Forging
36:34 Scale Barding Armor
36:45 Gold Mining
36:46 Stone Mining
38:00 Two-Man Saw
37:23 Ballistics
36:59 Murder Holes
37:16 Fortified Wall
37:17 Masonry
37:28 Husbandry
37:41 Bloodlines
36:54 Cavalier
38:13 Iron Casting
39:34 Gold Shaft Mining
39:35 Stone Shaft Mining
39:39 Chain Barding Armor
39:32 Arson
39:52 Squires
39:14 Pikeman
41:21 Blast Furnace
40:58 Plate Barding Armor
40:23 Scale Mail Armor
40:30 Halberdier
42:48 Architecture
luenlome25
0:48 Loom
13:46 Feudal Age
38:52 Castle Age
39:15 Double-Bit Axe
41:21 Bow Saw
41:00 Horse Collar
41:53 Fervor
42:09 Sanctity
41:52 Gold Mining
43:44 Redemption
44:40 Wheelbarrow
hugobsky
10:15 Feudal Age
14:52 Castle Age
13:57 Double-Bit Axe
20:55 Wheelbarrow
20:43 Bow Saw
21:23 Horse Collar
26:02 Hand Cart
25:34 Loom
27:21 Gold Mining
27:23 Stone Mining
27:43 Scale Barding Armor
30:32 Imperial Age
28:28 Town Watch
29:34 Heavy Plow
29:58 Bloodlines
29:51 Husbandry
30:15 Chain Barding Armor
30:25 Caravan
31:20 Conscription
31:28 Conscription
30:34 Light Cavalry
32:51 Plate Barding Armor
32:06 Cavalier
33:58 Chemistry
32:53 Onager
34:30 Forging
34:28 Savar
38:09 Heavy Camel Rider
38:18 Pikeman
42:40 Halberdier
43:25 Squires
45:57 Iron Casting
VadersSon2004
12:57 Feudal Age
14:05 Double-Bit Axe
14:04 Horse Collar
16:29 Castle Age
16:48 Scale Barding Armor
17:54 Wheelbarrow
20:17 Bow Saw
20:17 Loom
20:22 Town Watch
24:45 Gold Mining
31:55 Imperial Age
31:16 Fletching
32:30 Stone Mining
33:18 Gold Shaft Mining
33:38 Guard Tower
34:09 Ballistics
33:32 Treadmill Crane
34:22 Heavy Plow
36:36 Keep
35:46 Arrowslits
36:01 Bodkin Arrow
37:23 Hand Cart
38:10 Two-Man Saw
37:30 Town Patrol
38:35 Bracer
38:36 Padded Archer Armor
39:37 Chemistry
38:50 Masonry
40:37 Murder Holes
41:15 Scale Mail Armor
41:25 Forging
41:50 Yasama
42:11 Conscription
42:43 Chain Mail Armor
41:53 Pikeman
42:41 Squires
43:38 Caravan
43:21 Halberdier
43:46 Arson
44:23 Fortified Wall
44:46 Plate Mail Armor
44:51 Iron Casting
45:19 Hoardings
47:38 Siege Engineers
49:54 Kataparuto
51:10 Blast Furnace
haspirits
2:28 Loom
12:34 Feudal Age
13:52 Wheelbarrow
16:35 Castle Age
14:50 Double-Bit Axe
17:00 Horse Collar
21:48 Hand Cart
21:55 Heavy Plow
22:38 Bow Saw
25:26 Town Watch
31:02 Imperial Age
28:58 Ballistics
29:35 Caravan
30:13 Gold Mining
30:44 Fortified Wall
30:34 Elite Skirmisher
33:05 Chemistry
31:50 Pikeman
32:46 Squires
33:50 Two-Man Saw
33:03 Forging
32:44 Fletching
34:41 Iron Casting
35:05 Thumb Ring
35:53 Bodkin Arrow
36:59 Blast Furnace
35:59 Padded Archer Armor
36:24 Bombard Tower
35:50 Halberdier
37:13 Conscription
38:11 Gambesons
41:11 Bracer
41:52 Arson
43:10 Leather Archer Armor
43:05 Town Patrol
43:54 Scale Mail Armor
44:24 Ring Archer Armor
46:03 Masonry
46:12 Chain Mail Armor
PIPEX1356
7:27 Loom
12:56 Feudal Age
17:06 Castle Age
15:28 Double-Bit Axe
15:47 Horse Collar
16:20 Stone Mining
18:27 Gold Mining
19:44 Wheelbarrow
25:52 Hand Cart
27:22 Heavy Plow
27:43 Bow Saw
29:12 Fervor
32:44 Imperial Age
30:40 Husbandry
30:51 Bloodlines
30:58 Caravan
32:07 Gold Shaft Mining
32:07 Stone Shaft Mining
33:32 Heavy Scorpion
35:05 Forging
35:18 Scale Barding Armor
35:03 Fletching
35:14 Padded Archer Armor
34:39 Elite Battle Elephant
37:43 Chemistry
37:04 Ballistics
37:22 Iron Casting
37:07 Chain Barding Armor
37:03 Leather Archer Armor
36:43 Bodkin Arrow
37:01 Siege Engineers
36:52 Murder Holes
36:36 Capped Ram
38:26 Plate Barding Armor
38:09 Tusk Swords
39:37 Blast Furnace
39:06 Double Crossbow
40:02 Crop Rotation
39:36 Bracer
40:06 Ring Archer Armor
39:51 Masonry
41:28 Elite Ballista Elephant
41:43 Elite Ballista Elephant
43:24 Light Cavalry
45:47 Siege Ram
50:28 Hussar
HelChelo
9:55 Feudal Age
11:24 Loom
11:27 Town Watch
12:07 Double-Bit Axe
15:37 Castle Age
13:53 Horse Collar
14:10 Stone Mining
18:13 Bow Saw
25:33 Heavy Plow
26:13 Wheelbarrow
25:57 Town Watch
31:28 Imperial Age
29:17 Forging
29:12 Scale Barding Armor
30:24 Kamandaran
30:34 Gold Mining
30:42 Fletching
30:58 Padded Archer Armor
31:27 Chain Barding Armor
31:43 Iron Casting
31:49 Bloodlines
31:40 Husbandry
31:03 Crossbowman
31:49 Thumb Ring
32:39 Conscription
33:14 Ballistics
33:55 Chemistry
33:15 Elite War Elephant
34:38 Gold Shaft Mining
34:42 Stone Shaft Mining
36:23 Devotion
37:03 Plate Barding Armor
37:28 Blast Furnace
40:57 Bodkin Arrow
41:18 Leather Archer Armor
43:26 Caravan
47:53 Hand Cart
Maninthemiddle
2:10 Loom
12:34 Feudal Age
13:16 Double-Bit Axe
14:16 Fletching
19:52 Padded Archer Armor
22:38 Castle Age
21:25 Horse Collar
23:44 Bodkin Arrow
25:35 Crossbowman
30:45 Heavy Plow
30:58 Bow Saw
32:46 Ballistics
37:24 Gold Mining
37:29 Stone Mining
39:58 Gold Shaft Mining
41:58 Imperial Age
41:18 Leather Archer Armor
43:39 Chemistry
42:43 Bracer
42:22 Arbalester
43:17 Thumb Ring
49:25 Wheelbarrow
48:36 Town Watch
49:21 Conscription
49:12 Bimaristan
49:13 Counterweights
50:01 Ring Archer Armor
Connection lost

Rejoining the realm…

Still unreachable

The connection could not be restored.

Session expired

The server has moved on; the page needs a fresh start.